Punishers vs Bears
Created - April 11, 2021 at 20:57
Goals
|
| Punishers |
1 |
5 |
2 |
8 |
| Bears |
0 |
3 |
2 |
5 |
|
Shots
|
| Punishers |
7 |
18 |
14 |
39 |
| Bears |
5 |
17 |
5 |
27 |
|
1st period
1. Punishers , Carter Ashton 13 (Radek Faksa 54, Corey Tropp 28) at 19:35
Penalties :
Connor Clifton (Pro) for Slashing (Minor) at 5:37
2nd period
2. Punishers , Andreas Athanasiou 30 (Zack Hamill 26) at 0:04 (PP)
3. Punishers , Austen Brassard 20 (Nikita Gusev 15, Andreas Athanasiou 36) at 1:18
4. Punishers , Radek Faksa 31 (Tyler Bertuzzi 26, Carter Ashton 22) at 2:14 (PP)
5. Bears , Trevor Lewis 23 (Jamie McGinn 22, Mikko Vainonen 29) at 3:04
6. Punishers , Tyler Bertuzzi 27 (Madison Bowey 32, Carter Ashton 23) at 3:43
7. Bears , Trevor Lewis 24 (Gianluca Curcuruto 31) at 4:30
8. Punishers , John Quenneville 12 (Brett Kulak 21, Nikita Gusev 16) at 13:17
9. Bears , Brayden Point 25 (Mike Hoffman 28, Austin Poganski 13) at 17:52
Penalties :
Colton Sceviour (Her) for Holding (Minor) at 0:03, Mikko Vainonen (Her) for Holding (Minor) at 1:40, Colton Sceviour (Her) for Roughing (Minor) at 8:09, Brett Kulak (Pro) for High sticking (Minor) at 10:19
3rd period
10. Bears , Dany Roussin 36 (William Karlsson 73) at 0:04
11. Bears , Jamie McGinn 30 (Trevor Lewis 31, Emil Johansson 9) at 0:54
12. Punishers , Zack Hamill 13 (Andreas Athanasiou 37, Brett Kulak 22) at 11:01 (PP)
13. Punishers , Madison Bowey 8 (Zack Hamill 27) at 13:10
Penalties :
Jamie McGinn (Her) for Holding Stick (Minor) at 10:47, Mackenze Stewart (Her) for Tripping (Minor) at 17:30
Goalie Stats
Louis Domingue (Pro), 22 saves from 27 shots - (0.815), W, 30-19-3, 60:00 minutes
Niklas Treutle (Her), 22 saves from 26 shots - (0.846), L, 18-27-7, 37:46 minutes
Sergei Kostenko (Her), 9 saves from 13 shots - (0.692), 22:14 minutes
Players Stats for Punishers
Player Name G A P +/- PIM S H SB GA TA FO MP PP MP PK MP
------------------------------------------------------------------------------------
Adam Pelech 0 0 0 2 0 0 0 0 1 0 0/0 26:30 2:44 2:42
Alex Schoenborn 0 0 0 0 0 0 0 0 0 0 0/0 0:00 0:00 0:00
Andreas Athanasiou 1 2 3 -2 0 4 1 1 2 0 1/1 21:09 2:46 1:13
Anton Blidh 0 0 0 0 0 0 0 0 0 0 0/0 0:00 0:00 0:00
Austen Brassard 1 0 1 0 0 2 0 0 0 0 0/1 11:56 0:00 0:00
Austin Wagner 0 0 0 0 0 0 0 0 0 0 0/0 0:00 0:00 0:00
Ben Betker 0 0 0 -1 0 0 3 0 0 0 0/0 19:04 2:03 1:16
Brett Kulak 0 2 2 -1 2 1 0 0 0 0 0/0 18:44 2:03 0:56
Carter Ashton 1 2 3 2 0 5 1 0 0 0 0/0 14:52 2:01 0:00
Connor Clifton 0 0 0 0 2 0 0 0 0 0 0/0 5:06 0:00 0:00
Corey Tropp 0 1 1 -2 0 5 3 0 1 1 2/4 22:35 2:46 2:40
Daniel Audette 0 0 0 0 0 0 0 0 0 0 2/4 8:52 0:00 0:00
Fredrik Claesson 0 0 0 -1 0 0 0 1 0 0 0/0 9:45 0:00 0:00
Gabriel Gagne 0 0 0 0 0 0 0 0 0 0 0/0 0:00 0:00 0:00
John Quenneville 1 0 1 0 0 3 2 0 1 0 2/5 11:56 0:00 0:00
Joseph Cramarossa 0 0 0 0 0 2 2 0 2 0 0/0 9:19 0:00 0:01
Madison Bowey 1 1 2 2 0 2 0 4 0 0 0/0 26:30 2:44 2:42
Michael Joly 0 0 0 0 0 1 0 0 0 0 0/0 8:52 0:00 0:00
Nicolas Roy 0 0 0 0 0 0 0 0 0 0 0/0 0:25 0:00 0:25
Nikita Gusev 0 2 2 0 0 3 1 0 0 1 0/0 11:56 0:00 0:00
Niko Mikkola 0 0 0 0 0 0 0 0 0 0 0/0 4:41 0:00 0:00
Noah Juulsen 0 0 0 -1 0 1 0 0 0 0 0/0 10:05 0:00 0:20
Radek Faksa 1 1 2 2 0 2 0 0 2 0 5/8 16:15 2:01 0:56
Tyler Bertuzzi 1 1 2 2 0 4 0 0 0 1 0/0 14:52 2:01 0:00
Zack Hamill 1 2 3 -2 0 4 0 1 0 0 21/45 22:36 2:46 2:41
Players Stats for Bears
Player Name G A P +/- PIM S H SB GA TA FO MP PP MP PK MP
------------------------------------------------------------------------------------
Angelo Esposito 0 0 0 3 0 0 0 0 1 0 0/0 13:14 0:00 0:00
Artturi Lehkonen 0 0 0 0 0 0 0 0 0 0 0/0 3:38 0:00 0:00
Austin Poganski 0 1 1 -2 0 0 1 3 0 0 0/1 19:03 1:50 0:00
Brayden Point 1 0 1 -2 0 5 1 1 0 0 5/16 20:08 1:50 0:54
Colton Sceviour 0 0 0 -1 4 0 3 1 0 0 4/5 20:02 2:07 0:00
Dany Roussin 1 0 1 -1 0 6 3 0 1 0 2/4 22:59 2:07 2:57
Emil Johansson 0 1 1 -1 0 1 1 0 0 2 0/0 20:18 1:53 1:51
Gianluca Curcuruto 0 1 1 0 0 1 1 4 0 0 0/0 27:46 2:05 2:56
Jamie McGinn 1 1 2 3 2 2 1 0 0 1 1/1 12:59 0:00 0:56
Jesper Pettersson 0 0 0 -1 0 1 0 1 0 0 0/0 20:18 1:53 1:51
Mackenze Stewart 0 0 0 1 2 0 0 1 0 0 0/0 12:40 0:00 0:34
Mike Hoffman 0 1 1 -2 0 2 1 0 1 0 1/1 20:01 1:50 0:56
Mikko Vainonen 0 1 1 0 2 1 1 5 0 1 0/0 27:11 2:05 2:22
Ryan Graves 0 0 0 1 0 0 0 0 0 1 0/0 12:11 0:01 0:00
Trevor Lewis 2 1 3 3 0 4 3 0 0 2 3/6 12:58 0:00 0:54
Vincent Dunn 0 0 0 0 0 0 0 0 0 0 0/0 1:33 0:01 0:00
William Karlsson 0 1 1 -1 0 4 2 0 0 1 18/32 24:10 2:07 2:57
Zach Stepan 0 0 0 0 0 0 2 0 0 1 1/2 3:59 0:01 0:00
3 Stars
1 - Trevor Lewis (Her)
2 - Carter Ashton (Pro)
3 - Madison Bowey (Pro)
Power Play
Punishers - 3 on 5 Attempt(s) - 60.00%
Bears - 0 on 2 Attempt(s) - 0.00%
Penalty Kill
Punishers - 2 on 2 Attempt(s) - 100.00%
- Score 0 goal in Penalty Kill
Bears - 2 on 5 Attempt(s) - 40.00%
- Score 0 goal in Penalty Kill
Team Stat
Punishers - Hits : 13 - Faceoff Wins : 33 - Blocked Shots : 7 - Penalty Minutes : 4
Bears - Hits : 20 - Faceoff Wins : 35 - Blocked Shots : 16 - Penalty Minutes : 10
Official
Referees : Unknown
Linesman : Unknown
Game Notes
18:57 of 1st period - Punishers goal is going for a video replay. After video review, No Goal. The attacking player has interfered with a goalkeeper in his goal crease.
Niklas Treutle enters game at 2:14 of 2nd period
Finance
Level 1 -- Attendance: 1324 (66.20%) -- Ticket Income $52,960
Level 2 -- Attendance: 622 (62.20%) -- Ticket Income $12,440
Total Attendance: 1946 (64.87%)
Total Ticket Income: $65,400
Other Income: $3,270
Total Income: $68,670
Punishers
5 vs 5 Forward
Center Left Wing Right Wing Time % Phy DF OF
1 Zack Hamill Andreas Athanasiou Corey Tropp 40 1 2 2
2 Radek Faksa Tyler Bertuzzi Carter Ashton 30 1 2 2
3 John Quenneville Nikita Gusev Austen Brassard 20 1 2 2
4 Daniel Audette Joseph Cramarossa Michael Joly 10 1 2 2
5 vs 5 Defense
Defense Defense Time % Phy DF OF
1 Madison Bowey Adam Pelech 40 1 2 2
2 Brett Kulak Ben Betker 30 1 2 2
3 Fredrik Claesson Noah Juulsen 20 1 2 2
4 Connor Clifton Niko Mikkola 10 1 2 2
PowerPlay Forward
Center Left Wing Right Wing Time % Phy DF OF
1 Zack Hamill Andreas Athanasiou Corey Tropp 60 1 2 2
2 Radek Faksa Tyler Bertuzzi Carter Ashton 40 1 2 2
PowerPlay Defense
Defense Defense Time % Phy DF OF
1 Madison Bowey Adam Pelech 60 1 2 2
2 Brett Kulak Ben Betker 40 1 2 2
Penalty Kill 4 Players Forward
Center Wing Time % Phy DF OF
1 Zack Hamill Corey Tropp 60 1 2 2
2 Andreas Athanasiou Radek Faksa 40 1 2 2
Penalty Kill 4 Players Defense
Defense Defense Time % Phy DF OF
1 Madison Bowey Adam Pelech 60 1 2 2
2 Brett Kulak Ben Betker 40 1 2 2
Penalty Kill - 3 Players Forward
Forward Time % Phy DF OF
1 Zack Hamill 60 1 2 2
2 Corey Tropp 40 1 2 2
Penalty Kill - 3 Players Defense
Defense Defense Time % Phy DF OF
1 Madison Bowey Adam Pelech 60 1 2 2
2 Brett Kulak Ben Betker 40 1 2 2
4 vs 4 Forward
Center Wing Time % Phy DF OF
1 Zack Hamill Corey Tropp 60 1 2 2
2 Andreas Athanasiou Radek Faksa 40 1 2 2
4 vs 4 Defense
Defense Defense Time % Phy DF OF
1 Madison Bowey Adam Pelech 60 1 2 2
2 Brett Kulak Ben Betker 40 1 2 2
Last Minutes Offensive
Center Left Wing Right Wing Defense Defense
Zack Hamill Andreas Athanasiou Corey Tropp Madison Bowey Adam Pelech
Last Minutes Defensive
Center Left Wing Right Wing Defense Defense
Zack Hamill Andreas Athanasiou Corey Tropp Madison Bowey Adam Pelech
Goaltenders
Starting : Louis Domingue
Backup : Daniel Altshuller
Extra Forwards
Normal : Anton Blidh, Alex Schoenborn, Nicolas Roy - PP : Anton Blidh, Alex Schoenborn - PK : Nicolas Roy
Extra Defensemen
Normal : Fredrik Claesson, Noah Juulsen, Connor Clifton - PP : Fredrik Claesson - PK : Noah Juulsen, Connor Clifton
Penalty Shots
Zack Hamill, Corey Tropp, Andreas Athanasiou, Radek Faksa, Tyler Bertuzzi
Scratches
Elias Lindholm (Left Leg Injury)
Bears
5 vs 5 Forward
Center Left Wing Right Wing Time % Phy DF OF
1 William Karlsson Dany Roussin Colton Sceviour 40 1 2 2
2 Brayden Point Mike Hoffman Austin Poganski 30 1 2 2
3 Trevor Lewis Jamie McGinn Angelo Esposito 20 1 2 2
4 Angelo Esposito Artturi Lehkonen William Karlsson 10 1 2 2
5 vs 5 Defense
Defense Defense Time % Phy DF OF
1 Mikko Vainonen Gianluca Curcuruto 40 1 2 2
2 Emil Johansson Jesper Pettersson 30 1 2 2
3 Ryan Graves Mackenze Stewart 20 1 2 2
4 Mikko Vainonen Gianluca Curcuruto 10 1 2 2
PowerPlay Forward
Center Left Wing Right Wing Time % Phy DF OF
1 William Karlsson Dany Roussin Colton Sceviour 60 1 2 2
2 Brayden Point Mike Hoffman Austin Poganski 40 1 2 2
PowerPlay Defense
Defense Defense Time % Phy DF OF
1 Mikko Vainonen Gianluca Curcuruto 60 1 2 2
2 Emil Johansson Jesper Pettersson 40 1 2 2
Penalty Kill 4 Players Forward
Center Wing Time % Phy DF OF
1 William Karlsson Dany Roussin 60 1 2 2
2 Brayden Point Trevor Lewis 40 1 2 2
Penalty Kill 4 Players Defense
Defense Defense Time % Phy DF OF
1 Mikko Vainonen Gianluca Curcuruto 60 1 2 2
2 Emil Johansson Jesper Pettersson 40 1 2 2
Penalty Kill - 3 Players Forward
Forward Time % Phy DF OF
1 William Karlsson 60 1 2 2
2 Dany Roussin 40 1 2 2
Penalty Kill - 3 Players Defense
Defense Defense Time % Phy DF OF
1 Mikko Vainonen Gianluca Curcuruto 60 1 2 2
2 Emil Johansson Jesper Pettersson 40 1 2 2
4 vs 4 Forward
Center Wing Time % Phy DF OF
1 William Karlsson Dany Roussin 60 1 2 2
2 Brayden Point Trevor Lewis 40 1 2 2
4 vs 4 Defense
Defense Defense Time % Phy DF OF
1 Mikko Vainonen Gianluca Curcuruto 60 1 2 2
2 Emil Johansson Jesper Pettersson 40 1 2 2
Last Minutes Offensive
Center Left Wing Right Wing Defense Defense
William Karlsson Dany Roussin Colton Sceviour Mikko Vainonen Gianluca Curcuruto
Last Minutes Defensive
Center Left Wing Right Wing Defense Defense
William Karlsson Dany Roussin Colton Sceviour Mikko Vainonen Gianluca Curcuruto
Goaltenders
Starting : Sergei Kostenko
Backup : Niklas Treutle
Extra Forwards
Normal : Zach Stepan, Vincent Dunn, Jamie McGinn - PP : Zach Stepan, Vincent Dunn - PK : Jamie McGinn
Extra Defensemen
Normal : Ryan Graves, Mackenze Stewart, Emil Johansson - PP : Ryan Graves - PK : Mackenze Stewart, Emil Johansson
Penalty Shots
William Karlsson, Dany Roussin, Brayden Point, Trevor Lewis, Mike Hoffman
Scratches
Jakob Lilja (Healthy), Colby Cave (Healthy), Brock McGinn (Left Knee Injury), Nikolay Prokhorkin (Healthy), Jarrod Maidens (Healthy)
Artur Gavrus (Healthy), Hugo Fagerblom (Healthy)
% Time on Ice - Punishers
Lines # - Real PCT - Wanted PCT - Time Play
Normal Forward
1 - 34% - 40% - 17:35
2 - 25% - 30% - 12:52
3 - 23% - 20% - 11:56
4 - 17% - 10% - 8:52
Normal Defense
1 - 41% - 40% - 21:04
2 - 31% - 30% - 15:45
3 - 19% - 20% - 9:45
4 - 9% - 10% - 4:41
PP Forward
1 - 58% - 60% - 2:46
2 - 42% - 40% - 2:01
PP Defense
1 - 57% - 60% - 2:44
2 - 43% - 40% - 2:03
PK Forward
1 - 77% - 60% - 3:03
2 - 23% - 40% - 0:55
PK Defense
1 - 68% - 60% - 2:42
2 - 32% - 40% - 1:16
PK3 Forward
1 - 0% - 60%
2 - 0% - 40%
PK3 Defense
1 - 0% - 60%
2 - 0% - 40%
44 Forward
1 - 0% - 60%
2 - 0% - 40%
44 Defense
1 - 0% - 60%
2 - 0% - 40%
Last Minute Offensive - 0:00
Last Minute Defensive - 0:00
Total
Forward - 60:00
Defense - 60:00
|
% Time on Ice - Bears
Lines # - Real PCT - Wanted PCT - Time Play
Normal Forward
1 - 36% - 40% - 18:20
2 - 34% - 30% - 17:24
3 - 23% - 20% - 11:53
4 - 7% - 10% - 3:38
Normal Defense
1 - 39% - 40% - 20:05
2 - 32% - 30% - 16:34
3 - 23% - 20% - 11:56
4 - 5% - 10% - 2:40
PP Forward
1 - 54% - 60% - 2:08
2 - 46% - 40% - 1:50
PP Defense
1 - 53% - 60% - 2:05
2 - 47% - 40% - 1:53
PK Forward
1 - 81% - 60% - 3:53
2 - 19% - 40% - 0:54
PK Defense
1 - 61% - 60% - 2:56
2 - 39% - 40% - 1:51
PK3 Forward
1 - 0% - 60%
2 - 0% - 40%
PK3 Defense
1 - 0% - 60%
2 - 0% - 40%
44 Forward
1 - 0% - 60%
2 - 0% - 40%
44 Defense
1 - 0% - 60%
2 - 0% - 40%
Last Minute Offensive - 0:00
Last Minute Defensive - 0:00
Total
Forward - 60:00
Defense - 60:00
|
Play-by-Play
1st period
0:01 of 1st period - Zack Hamill wins face-off versus William Karlsson in neutral zone.
0:25 of 1st period - Adam Pelech is hit by Jamie McGinn and loses puck.
0:34 of 1st period - Wrist shot by Trevor Lewis.
0:34 of 1st period - Stopped by Louis Domingue without a rebound.
0:35 of 1st period - Radek Faksa wins face-off versus Brayden Point in Punishers zone.
0:42 of 1st period - Slapshot by Carter Ashton.
0:42 of 1st period - Shot Misses the Net.
0:44 of 1st period - Wrist shot by Tyler Bertuzzi.
0:44 of 1st period - Shot Misses the Net.
1:02 of 1st period - Austin Poganski is hit by Joseph Cramarossa and loses puck.
1:17 of 1st period - Snap shot by Mike Hoffman.
1:17 of 1st period - Stopped by Louis Domingue with a rebound.
1:19 of 1st period - Wrist shot by Brayden Point.
1:19 of 1st period - Shot Hit the Post.
1:21 of 1st period - Slapshot by Ryan Graves.
1:21 of 1st period - Shot Misses the Net.
1:35 of 1st period - Snap shot by Michael Joly.
1:35 of 1st period - Shot Blocked by Mikko Vainonen.
1:49 of 1st period - Snap shot by Brayden Point.
1:49 of 1st period - Stopped by Louis Domingue with a rebound.
2:11 of 1st period - Wrist shot by Joseph Cramarossa.
2:11 of 1st period - Shot Misses the Net.
2:13 of 1st period - Slapshot by Brett Kulak.
2:13 of 1st period - Deflect By Michael Joly.
2:13 of 1st period - Shot Blocked by Jesper Pettersson.
2:13 of 1st period - Puck is out of play.
2:14 of 1st period - Colton Sceviour wins face-off versus John Quenneville in Bears zone.
2:29 of 1st period - Snap shot by Dany Roussin.
2:29 of 1st period - Shot Blocked by Fredrik Claesson.
3:55 of 1st period - Madison Bowey is hit by William Karlsson and loses puck.
5:22 of 1st period - Off-side.
5:23 of 1st period - Trevor Lewis wins face-off versus Daniel Audette in neutral zone.
5:37 of 1st period - Minor Penalty to Connor Clifton for Slashing.
5:38 of 1st period - Zack Hamill wins face-off versus William Karlsson in Punishers zone.
6:27 of 1st period - Zack Hamill is hit by William Karlsson and loses puck.
7:37 of 1st period - Penalty to Connor Clifton is over, Connor Clifton is back on ice.
7:49 of 1st period - Madison Bowey is hit by Zach Stepan and loses puck.
7:56 of 1st period - Wrist shot by Jamie McGinn.
7:56 of 1st period - Stopped by Louis Domingue with a rebound.
8:10 of 1st period - Angelo Esposito is hit by John Quenneville and loses puck.
10:12 of 1st period - Wrist shot by Joseph Cramarossa.
10:12 of 1st period - Shot Misses the Net.
10:14 of 1st period - Slapshot by Noah Juulsen.
10:14 of 1st period - Deflect By William Karlsson.
10:14 of 1st period - Stopped by Sergei Kostenko with a rebound.
10:16 of 1st period - Slapshot by Fredrik Claesson.
10:16 of 1st period - Shot Hit the Post.
10:57 of 1st period - Austen Brassard is hit by Trevor Lewis and loses puck.
11:16 of 1st period - Snap shot by Corey Tropp.
11:16 of 1st period - Stopped by Sergei Kostenko without a rebound.
11:17 of 1st period - Zach Stepan wins face-off versus Zack Hamill in Bears zone.
11:26 of 1st period - Corey Tropp is hit by Zach Stepan and loses puck.
11:35 of 1st period - Mike Hoffman is hit by Corey Tropp and loses puck.
11:42 of 1st period - Madison Bowey is hit by Emil Johansson and loses puck.
12:57 of 1st period - Colton Sceviour is hit by Ben Betker and loses puck.
14:37 of 1st period - Corey Tropp is hit by Brayden Point and loses puck.
15:50 of 1st period - William Karlsson is hit by Corey Tropp and loses puck.
16:17 of 1st period - Trevor Lewis is hit by Nikita Gusev and loses puck.
17:40 of 1st period - Brett Kulak is hit by Colton Sceviour.
18:43 of 1st period - Off-side.
18:44 of 1st period - Radek Faksa wins face-off versus Zach Stepan in neutral zone.
18:55 of 1st period - Wrist shot by Tyler Bertuzzi.
18:55 of 1st period - Stopped by Sergei Kostenko with a rebound.
18:57 of 1st period - Slapshot by Carter Ashton.
18:57 of 1st period - Punishers goal is going for a video replay.
18:57 of 1st period - The goal is refused. The attacking player has interfered with a goalkeeper in his goal crease..
18:58 of 1st period - Zack Hamill wins face-off versus Brayden Point in Bears zone.
19:05 of 1st period - Snap shot by Zack Hamill.
19:05 of 1st period - Deflect By Andreas Athanasiou.
19:05 of 1st period - Stopped by Sergei Kostenko without a rebound.
19:06 of 1st period - Zack Hamill wins face-off versus Brayden Point in Bears zone.
19:33 of 1st period - Snap shot by Radek Faksa.
19:33 of 1st period - Stopped by Sergei Kostenko with a rebound.
19:35 of 1st period - Wrist shot by Carter Ashton.
19:35 of 1st period - Goal by Carter Ashton - Punishers : 1 - Bears : 0.
19:36 of 1st period - Colton Sceviour wins face-off versus Zack Hamill in neutral zone.
19:43 of 1st period - Snap shot by William Karlsson.
19:43 of 1st period - Stopped by Louis Domingue with a rebound.
Goals for this period are 1 for Punishers vs 0 for Bears.
Shots for this period are 7 for Punishers vs 5 for Bears.
2nd period
0:01 of 2nd period - William Karlsson wins face-off versus Zack Hamill in neutral zone.
0:03 of 2nd period - Minor Penalty to Colton Sceviour for Holding.
0:04 of 2nd period - Zack Hamill wins face-off versus William Karlsson in Bears zone.
0:04 of 2nd period - Wrist shot by Andreas Athanasiou.
0:04 of 2nd period - Goal by Andreas Athanasiou - Punishers : 2 - Bears : 0.
0:05 of 2nd period - William Karlsson wins face-off versus Zack Hamill in neutral zone.
0:41 of 2nd period - Wrist shot by Nikita Gusev.
0:41 of 2nd period - Stopped by Sergei Kostenko without a rebound.
0:42 of 2nd period - Radek Faksa wins face-off versus Brayden Point in Bears zone.
0:47 of 2nd period - Snap shot by Tyler Bertuzzi.
0:47 of 2nd period - Stopped by Sergei Kostenko with a rebound.
1:16 of 2nd period - Snap shot by Nikita Gusev.
1:16 of 2nd period - Stopped by Sergei Kostenko with a rebound.
1:18 of 2nd period - Snap shot by Austen Brassard.
1:18 of 2nd period - Goal by Austen Brassard - Punishers : 3 - Bears : 0.
1:19 of 2nd period - William Karlsson wins face-off versus Corey Tropp in neutral zone.
1:28 of 2nd period - Wrist shot by Dany Roussin.
1:28 of 2nd period - Stopped by Louis Domingue with a rebound.
1:40 of 2nd period - Minor Penalty to Mikko Vainonen for Holding.
1:41 of 2nd period - Zack Hamill wins face-off versus William Karlsson in Bears zone.
1:46 of 2nd period - Snap shot by Andreas Athanasiou.
1:46 of 2nd period - Shot Misses the Net.
1:48 of 2nd period - Slapshot by Adam Pelech.
1:48 of 2nd period - Shot Hit the Post.
2:14 of 2nd period - Snap shot by Radek Faksa.
2:14 of 2nd period - Goal by Radek Faksa - Punishers : 4 - Bears : 0.
2:14 of 2nd period - Niklas Treutle enters game.
2:15 of 2nd period - Brayden Point wins face-off versus Zack Hamill in neutral zone.
2:40 of 2nd period - Radek Faksa is hit by Colton Sceviour.
2:46 of 2nd period - Wrist shot by Tyler Bertuzzi.
2:46 of 2nd period - Shot Misses the Net.
2:48 of 2nd period - Snap shot by Tyler Bertuzzi.
2:48 of 2nd period - Shot Blocked by Gianluca Curcuruto.
2:50 of 2nd period - Slapshot by Ben Betker.
2:50 of 2nd period - Shot Blocked by Mikko Vainonen.
3:04 of 2nd period - Wrist shot by Trevor Lewis.
3:04 of 2nd period - Goal by Trevor Lewis - Punishers : 4 - Bears : 1.
3:05 of 2nd period - William Karlsson wins face-off versus Zack Hamill in neutral zone.
3:35 of 2nd period - Snap shot by Tyler Bertuzzi.
3:35 of 2nd period - Stopped by Niklas Treutle with a rebound.
3:37 of 2nd period - Snap shot by Tyler Bertuzzi.
3:37 of 2nd period - Shot Blocked by Mikko Vainonen.
3:39 of 2nd period - Wrist shot by Carter Ashton.
3:39 of 2nd period - Shot Misses the Net.
3:41 of 2nd period - Slapshot by Madison Bowey.
3:41 of 2nd period - Shot Blocked by Austin Poganski.
3:43 of 2nd period - Wrist shot by Tyler Bertuzzi.
3:43 of 2nd period - Goal by Tyler Bertuzzi - Punishers : 5 - Bears : 1.
3:44 of 2nd period - William Karlsson wins face-off versus Zack Hamill in neutral zone.
4:24 of 2nd period - Snap shot by Nikita Gusev.
4:24 of 2nd period - Shot Misses the Net.
4:30 of 2nd period - Wrist shot by Trevor Lewis.
4:30 of 2nd period - Goal by Trevor Lewis - Punishers : 5 - Bears : 2.
4:31 of 2nd period - Dany Roussin wins face-off versus Zack Hamill in neutral zone.
5:03 of 2nd period - Wrist shot by Dany Roussin.
5:03 of 2nd period - Stopped by Louis Domingue with a rebound.
5:24 of 2nd period - Backhand shot by Radek Faksa.
5:24 of 2nd period - Shot Misses the Net.
5:26 of 2nd period - Wrist shot by Carter Ashton.
5:26 of 2nd period - Deflect By Tyler Bertuzzi.
5:26 of 2nd period - Shot Blocked by Austin Poganski.
5:26 of 2nd period - Puck is out of play.
5:27 of 2nd period - Zack Hamill wins face-off versus Brayden Point in Bears zone.
6:01 of 2nd period - Wrist shot by Carter Ashton.
6:01 of 2nd period - Shot Blocked by Gianluca Curcuruto.
6:25 of 2nd period - Slapshot by Madison Bowey.
6:25 of 2nd period - Stopped by Niklas Treutle without a rebound.
6:26 of 2nd period - Daniel Audette wins face-off versus Brayden Point in Bears zone.
7:33 of 2nd period - Off-side.
7:34 of 2nd period - Brayden Point wins face-off versus Radek Faksa in neutral zone.
7:37 of 2nd period - Radek Faksa is hit by Austin Poganski and loses puck.
8:00 of 2nd period - Corey Tropp is hit by Dany Roussin and loses puck.
8:06 of 2nd period - Off-side.
8:07 of 2nd period - William Karlsson wins face-off versus Zack Hamill in neutral zone.
8:09 of 2nd period - Minor Penalty to Colton Sceviour for Roughing.
8:10 of 2nd period - William Karlsson wins face-off versus Zack Hamill in Bears zone.
8:18 of 2nd period - Madison Bowey is hit by Dany Roussin and loses puck.
8:26 of 2nd period - Off-side.
8:27 of 2nd period - William Karlsson wins face-off versus Zack Hamill in neutral zone.
8:56 of 2nd period - William Karlsson is hit by Ben Betker and loses puck.
10:09 of 2nd period - Penalty to Colton Sceviour is over, Colton Sceviour is back on ice.
10:19 of 2nd period - Minor Penalty to Brett Kulak for High sticking.
10:20 of 2nd period - Corey Tropp wins face-off versus Brayden Point in Punishers zone.
10:27 of 2nd period - Off-side.
10:28 of 2nd period - Zack Hamill wins face-off versus Brayden Point in neutral zone.
10:54 of 2nd period - Wrist shot by Brayden Point.
10:54 of 2nd period - Stopped by Louis Domingue with a rebound.
10:56 of 2nd period - Slapshot by Emil Johansson.
10:56 of 2nd period - Deflect By Madison Bowey.
10:56 of 2nd period - Stopped by Louis Domingue with a rebound.
10:58 of 2nd period - Snap shot by Brayden Point.
10:58 of 2nd period - Stopped by Louis Domingue without a rebound.
10:59 of 2nd period - William Karlsson wins face-off versus Zack Hamill in Punishers zone.
11:04 of 2nd period - Slapshot by Dany Roussin.
11:04 of 2nd period - Stopped by Louis Domingue with a rebound.
11:06 of 2nd period - Snap shot by Colton Sceviour.
11:06 of 2nd period - Shot Misses the Net.
11:08 of 2nd period - Wrist shot by Mikko Vainonen.
11:08 of 2nd period - Stopped by Louis Domingue without a rebound.
11:09 of 2nd period - Zack Hamill wins face-off versus William Karlsson in Punishers zone.
11:18 of 2nd period - Slapshot by Gianluca Curcuruto.
11:18 of 2nd period - Deflect By Corey Tropp.
11:18 of 2nd period - Stopped by Louis Domingue without a rebound.
11:19 of 2nd period - William Karlsson wins face-off versus Zack Hamill in Punishers zone.
11:36 of 2nd period - Snap shot by Brayden Point.
11:36 of 2nd period - Stopped by Louis Domingue with a rebound.
11:38 of 2nd period - Slapshot by Mikko Vainonen.
11:38 of 2nd period - Deflect By Brayden Point.
11:38 of 2nd period - Shot Blocked by Madison Bowey.
11:38 of 2nd period - Puck is out of play.
11:39 of 2nd period - Zack Hamill wins face-off versus Brayden Point in Punishers zone.
11:58 of 2nd period - Snap shot by Dany Roussin.
11:58 of 2nd period - Deflect By William Karlsson.
11:58 of 2nd period - Shot Blocked by Madison Bowey.
11:58 of 2nd period - Puck is out of play.
11:59 of 2nd period - Corey Tropp wins face-off versus Dany Roussin in Punishers zone.
12:12 of 2nd period - Adam Pelech is hit by Dany Roussin and loses puck.
12:19 of 2nd period - Penalty to Brett Kulak is over, Brett Kulak is back on ice.
12:26 of 2nd period - Off-side.
12:27 of 2nd period - Brayden Point wins face-off versus Austen Brassard in neutral zone.
12:46 of 2nd period - Austen Brassard is hit by Mike Hoffman and loses puck.
13:01 of 2nd period - Backhand shot by Mike Hoffman.
13:01 of 2nd period - Stopped by Louis Domingue with a rebound.
13:13 of 2nd period - Wrist shot by Nikita Gusev.
13:13 of 2nd period - Shot Misses the Net.
13:15 of 2nd period - Snap shot by Brett Kulak.
13:15 of 2nd period - Stopped by Niklas Treutle with a rebound.
13:17 of 2nd period - Snap shot by John Quenneville.
13:17 of 2nd period - Goal by John Quenneville - Punishers : 6 - Bears : 2.
13:18 of 2nd period - William Karlsson wins face-off versus Zack Hamill in neutral zone.
13:43 of 2nd period - Adam Pelech is hit by Trevor Lewis.
13:47 of 2nd period - Wrist shot by Tyler Bertuzzi.
13:47 of 2nd period - Shot Misses the Net.
14:25 of 2nd period - Icing by John Quenneville.
14:26 of 2nd period - John Quenneville wins face-off versus Trevor Lewis in Punishers zone.
14:30 of 2nd period - Icing by Austen Brassard.
14:31 of 2nd period - Trevor Lewis wins face-off versus John Quenneville in Punishers zone.
14:34 of 2nd period - Slapshot by Trevor Lewis.
14:34 of 2nd period - Stopped by Louis Domingue with a rebound.
14:40 of 2nd period - Snap shot by John Quenneville.
14:40 of 2nd period - Shot Misses the Net.
14:42 of 2nd period - Slapshot by Brett Kulak.
14:42 of 2nd period - Deflect By Nikita Gusev.
14:42 of 2nd period - Deflect By Jamie McGinn.
14:42 of 2nd period - Shot Misses the Net.
14:42 of 2nd period - Puck is out of play.
14:43 of 2nd period - Zack Hamill wins face-off versus William Karlsson in Bears zone.
14:44 of 2nd period - Snap shot by Corey Tropp.
14:44 of 2nd period - Shot Blocked by Mikko Vainonen.
14:52 of 2nd period - Slapshot by William Karlsson.
14:52 of 2nd period - Stopped by Louis Domingue without a rebound.
14:53 of 2nd period - William Karlsson wins face-off versus Zack Hamill in Punishers zone.
14:54 of 2nd period - Wrist shot by Dany Roussin.
14:54 of 2nd period - Shot Blocked by Madison Bowey.
14:58 of 2nd period - Snap shot by Dany Roussin.
14:58 of 2nd period - Stopped by Louis Domingue with a rebound.
15:00 of 2nd period - Wrist shot by Dany Roussin.
15:00 of 2nd period - Stopped by Louis Domingue without a rebound.
15:01 of 2nd period - Zack Hamill wins face-off versus William Karlsson in Punishers zone.
15:58 of 2nd period - Wrist shot by Nikita Gusev.
15:58 of 2nd period - Deflect By Austen Brassard.
15:58 of 2nd period - Stopped by Niklas Treutle with a rebound.
16:10 of 2nd period - Slapshot by Zack Hamill.
16:10 of 2nd period - Shot Misses the Net.
16:12 of 2nd period - Snap shot by Zack Hamill.
16:12 of 2nd period - Shot Misses the Net.
16:14 of 2nd period - Wrist shot by Corey Tropp.
16:14 of 2nd period - Stopped by Niklas Treutle with a rebound.
16:16 of 2nd period - Wrist shot by Corey Tropp.
16:16 of 2nd period - Stopped by Niklas Treutle without a rebound.
16:17 of 2nd period - William Karlsson wins face-off versus Radek Faksa in Bears zone.
16:55 of 2nd period - Snap shot by Carter Ashton.
16:55 of 2nd period - Stopped by Niklas Treutle with a rebound.
16:57 of 2nd period - Snap shot by Carter Ashton.
16:57 of 2nd period - Shot Blocked by Mikko Vainonen.
16:59 of 2nd period - Snap shot by Radek Faksa.
16:59 of 2nd period - Shot Misses the Net.
17:01 of 2nd period - Snap shot by Carter Ashton.
17:01 of 2nd period - Stopped by Niklas Treutle without a rebound.
17:02 of 2nd period - Colton Sceviour wins face-off versus Zack Hamill in Bears zone.
17:27 of 2nd period - Snap shot by Mike Hoffman.
17:27 of 2nd period - Shot Blocked by Madison Bowey.
17:36 of 2nd period - Icing by Ryan Graves.
17:37 of 2nd period - Brayden Point wins face-off versus Zack Hamill in Bears zone.
17:52 of 2nd period - Wrist shot by Brayden Point.
17:52 of 2nd period - Goal by Brayden Point - Punishers : 6 - Bears : 3.
17:53 of 2nd period - Zack Hamill wins face-off versus William Karlsson in neutral zone.
18:02 of 2nd period - Wrist shot by Zack Hamill.
18:02 of 2nd period - Stopped by Niklas Treutle without a rebound.
18:03 of 2nd period - Zack Hamill wins face-off versus Dany Roussin in Bears zone.
18:04 of 2nd period - Wrist shot by Corey Tropp.
18:04 of 2nd period - Shot Blocked by Gianluca Curcuruto.
18:12 of 2nd period - Snap shot by Andreas Athanasiou.
18:12 of 2nd period - Shot Misses the Net.
18:14 of 2nd period - Slapshot by Adam Pelech.
18:14 of 2nd period - Shot Blocked by Colton Sceviour.
18:16 of 2nd period - Wrist shot by Andreas Athanasiou.
18:16 of 2nd period - Shot Misses the Net.
18:34 of 2nd period - Snap shot by William Karlsson.
18:34 of 2nd period - Shot Misses the Net.
18:55 of 2nd period - Wrist shot by Zack Hamill.
18:55 of 2nd period - Stopped by Niklas Treutle without a rebound.
18:56 of 2nd period - Radek Faksa wins face-off versus Trevor Lewis in Bears zone.
Goals for this period are 5 for Punishers vs 3 for Bears.
Shots for this period are 18 for Punishers vs 17 for Bears.
3rd period
0:01 of 3rd period - William Karlsson wins face-off versus Zack Hamill in neutral zone.
0:04 of 3rd period - Wrist shot by Dany Roussin.
0:04 of 3rd period - Goal by Dany Roussin - Punishers : 6 - Bears : 4.
0:05 of 3rd period - Dany Roussin wins face-off versus Zack Hamill in neutral zone.
0:37 of 3rd period - Off-side.
0:38 of 3rd period - Zack Hamill wins face-off versus Trevor Lewis in neutral zone.
0:50 of 3rd period - Snap shot by Trevor Lewis.
0:50 of 3rd period - Shot Misses the Net.
0:52 of 3rd period - Snap shot by Jamie McGinn.
0:52 of 3rd period - Shot Blocked by Zack Hamill.
0:54 of 3rd period - Snap shot by Jamie McGinn.
0:54 of 3rd period - Goal by Jamie McGinn - Punishers : 6 - Bears : 5.
0:55 of 3rd period - Zack Hamill wins face-off versus William Karlsson in neutral zone.
1:04 of 3rd period - Wrist shot by Andreas Athanasiou.
1:04 of 3rd period - Stopped by Niklas Treutle without a rebound.
1:05 of 3rd period - Zack Hamill wins face-off versus William Karlsson in Bears zone.
1:06 of 3rd period - Snap shot by Corey Tropp.
1:06 of 3rd period - Stopped by Niklas Treutle with a rebound.
1:34 of 3rd period - Snap shot by Dany Roussin.
1:34 of 3rd period - Shot Blocked by Andreas Athanasiou.
1:52 of 3rd period - Snap shot by Zack Hamill.
1:52 of 3rd period - Stopped by Niklas Treutle without a rebound.
1:53 of 3rd period - Radek Faksa wins face-off versus Austin Poganski in Bears zone.
2:24 of 3rd period - Wrist shot by John Quenneville.
2:24 of 3rd period - Stopped by Niklas Treutle with a rebound.
2:59 of 3rd period - Backhand shot by Tyler Bertuzzi.
2:59 of 3rd period - Shot Blocked by Austin Poganski.
3:23 of 3rd period - Wrist shot by Madison Bowey.
3:23 of 3rd period - Shot Misses the Net.
3:25 of 3rd period - Snap shot by Austen Brassard.
3:25 of 3rd period - Shot Misses the Net.
4:05 of 3rd period - Snap shot by Carter Ashton.
4:05 of 3rd period - Stopped by Niklas Treutle with a rebound.
5:01 of 3rd period - Icing by Corey Tropp.
5:02 of 3rd period - Trevor Lewis wins face-off versus John Quenneville in Punishers zone.
5:25 of 3rd period - Wrist shot by Zack Hamill.
5:25 of 3rd period - Shot Blocked by Gianluca Curcuruto.
5:51 of 3rd period - Slapshot by Tyler Bertuzzi.
5:51 of 3rd period - Shot Blocked by Mackenze Stewart.
6:13 of 3rd period - Snap shot by William Karlsson.
6:13 of 3rd period - Shot Misses the Net.
6:16 of 3rd period - Icing by Madison Bowey.
6:17 of 3rd period - Daniel Audette wins face-off versus William Karlsson in Punishers zone.
6:37 of 3rd period - Off-side.
6:38 of 3rd period - Zack Hamill wins face-off versus Brayden Point in neutral zone.
6:41 of 3rd period - Mike Hoffman is hit by Corey Tropp and loses puck.
7:09 of 3rd period - Snap shot by William Karlsson.
7:09 of 3rd period - Shot Hit the Post.
7:11 of 3rd period - Wrist shot by William Karlsson.
7:11 of 3rd period - Stopped by Louis Domingue with a rebound.
7:22 of 3rd period - Tyler Bertuzzi is hit by Gianluca Curcuruto and loses puck.
7:47 of 3rd period - Icing by Joseph Cramarossa.
7:48 of 3rd period - Brayden Point wins face-off versus Daniel Audette in Punishers zone.
8:15 of 3rd period - Snap shot by Michael Joly.
8:15 of 3rd period - Stopped by Niklas Treutle with a rebound.
8:35 of 3rd period - Snap shot by Adam Pelech.
8:35 of 3rd period - Shot Blocked by Brayden Point.
8:37 of 3rd period - Slapshot by Adam Pelech.
8:37 of 3rd period - Shot Misses the Net.
8:39 of 3rd period - Snap shot by Joseph Cramarossa.
8:39 of 3rd period - Deflect By Mike Hoffman.
8:39 of 3rd period - Shot Misses the Net.
8:39 of 3rd period - Puck is out of play.
8:40 of 3rd period - Zack Hamill wins face-off versus William Karlsson in Bears zone.
9:36 of 3rd period - Zack Hamill is hit by Colton Sceviour and loses puck.
10:38 of 3rd period - Emil Johansson is hit by Joseph Cramarossa and loses puck.
10:47 of 3rd period - Minor Penalty to Jamie McGinn for Holding Stick.
10:48 of 3rd period - William Karlsson wins face-off versus Zack Hamill in Bears zone.
11:01 of 3rd period - Slapshot by Zack Hamill.
11:01 of 3rd period - Goal by Zack Hamill - Punishers : 7 - Bears : 5.
11:02 of 3rd period - Zack Hamill wins face-off versus Colton Sceviour in neutral zone.
11:17 of 3rd period - Snap shot by Corey Tropp.
11:17 of 3rd period - Stopped by Niklas Treutle with a rebound.
11:27 of 3rd period - Madison Bowey is hit by Mikko Vainonen and loses puck.
11:55 of 3rd period - Angelo Esposito is hit by John Quenneville.
12:07 of 3rd period - Slapshot by William Karlsson.
12:07 of 3rd period - Stopped by Louis Domingue without a rebound.
12:08 of 3rd period - William Karlsson wins face-off versus Zack Hamill in Punishers zone.
12:21 of 3rd period - Wrist shot by Andreas Athanasiou.
12:21 of 3rd period - Stopped by Niklas Treutle with a rebound.
12:43 of 3rd period - Snap shot by Nikita Gusev.
12:43 of 3rd period - Stopped by Niklas Treutle without a rebound.
12:44 of 3rd period - John Quenneville wins face-off versus Brayden Point in Bears zone.
12:55 of 3rd period - Slapshot by John Quenneville.
12:55 of 3rd period - Stopped by Niklas Treutle without a rebound.
12:56 of 3rd period - Mike Hoffman wins face-off versus Zack Hamill in Bears zone.
13:06 of 3rd period - Off-side.
13:07 of 3rd period - Zack Hamill wins face-off versus William Karlsson in neutral zone.
13:10 of 3rd period - Slapshot by Madison Bowey.
13:10 of 3rd period - Goal by Madison Bowey - Punishers : 8 - Bears : 5.
13:11 of 3rd period - William Karlsson wins face-off versus Zack Hamill in neutral zone.
14:08 of 3rd period - Slapshot by Angelo Esposito.
14:08 of 3rd period - Shot Misses the Net.
15:23 of 3rd period - Mackenze Stewart is hit by Ben Betker and loses puck.
15:42 of 3rd period - Angelo Esposito is hit by Andreas Athanasiou.
17:21 of 3rd period - Slapshot by Joseph Cramarossa.
17:21 of 3rd period - Stopped by Niklas Treutle with a rebound.
17:23 of 3rd period - Snap shot by Michael Joly.
17:23 of 3rd period - Shot Misses the Net.
17:25 of 3rd period - Wrist shot by Joseph Cramarossa.
17:25 of 3rd period - Stopped by Niklas Treutle with a rebound.
17:27 of 3rd period - Slapshot by Brett Kulak.
17:27 of 3rd period - Deflect By Daniel Audette.
17:27 of 3rd period - Shot Misses the Net.
17:27 of 3rd period - Puck is out of play.
17:28 of 3rd period - Colton Sceviour wins face-off versus Zack Hamill in Bears zone.
17:30 of 3rd period - Minor Penalty to Mackenze Stewart for Tripping.
17:31 of 3rd period - Andreas Athanasiou wins face-off versus William Karlsson in Bears zone.
17:31 of 3rd period - Snap shot by Zack Hamill.
17:31 of 3rd period - Deflect By Corey Tropp.
17:31 of 3rd period - Shot Misses the Net.
17:31 of 3rd period - Puck is out of play.
17:32 of 3rd period - William Karlsson wins face-off versus Corey Tropp in Bears zone.
18:07 of 3rd period - Snap shot by Radek Faksa.
18:07 of 3rd period - Shot Misses the Net.
18:23 of 3rd period - Corey Tropp is hit by Trevor Lewis and loses puck.
19:00 of 3rd period - Backhand shot by Jesper Pettersson.
19:00 of 3rd period - Stopped by Louis Domingue without a rebound.
19:01 of 3rd period - Jamie McGinn wins face-off versus Radek Faksa in Punishers zone.
19:30 of 3rd period - Penalty to Mackenze Stewart is over, Mackenze Stewart is back on ice.
19:33 of 3rd period - Emil Johansson is hit by Carter Ashton and loses puck.
Goals for this period are 2 for Punishers vs 2 for Bears.
Shots for this period are 14 for Punishers vs 5 for Bears.